 Dungeon Crawl Stone Soup version 0.22.1-2-g9c5b331 (console) character file.

60 verb the Skirmisher (level 4, -1/29 HPs)
             Began as a Gargoyle Monk on Dec 23, 2018.
             Slain by a centaur (3 damage)
             ... on level 2 of the Dungeon.
             The game lasted 00:07:40 (1434 turns).

verb the Skirmisher (Gargoyle Monk)                 Turns: 1434, Time: 00:07:40

Health: -1/29      AC:  9    Str: 13 (16) XL:     4   Next: 4%
Magic:  4/4        EV:  9    Int:  8 (10) God:
Gold:   108        SH:  0    Dex: 10 (12) Spells: 3/3 levels left

rFire    . . .     SeeInvis .   a - +0 mace
rCold    . . .     Gourm    .   (no shield)
rNeg     + . .     Faith    .   j - +0 scale mail
rPois    ∞         Spirit   .   (no helmet)
rElec    +         Reflect  .   (no cloak)
rCorr    .         Harm     .   (no gloves)
MR       .....                  (no boots)
Stlth    ..........             (no amulet)
HPRegen  0.09/turn              (no ring)
MPRegen  0.09/turn              (no ring)

@: no status effects
A: negative energy resistance 1, electricity resistance, unbreathing,
petrification resistance, rot immunity, AC +3
a: no special abilities


You were on level 2 of the Dungeon.
You were not hungry.

You visited 1 branch of the dungeon, and saw 2 of its levels.

You collected 108 gold pieces.

Inventory:

Hand Weapons
 a - a +0 mace (weapon)
Missiles
 e - 5 javelins (quivered)
Armour
 b - a +0 robe
 g - a +0 leather armour
 i - a +0 robe
 j - a +0 scale mail (worn)
Scrolls
 l - a scroll of enchant weapon {unknown}
 m - a scroll of identify {unknown}
 o - a scroll of enchant armour {unknown}
Potions
 f - a potion of haste
Comestibles
 c - 6 rations


   Skills:
 + Level 3.7 Fighting
 + Level 3.6 Maces & Flails
 + Level 1.3 Armour
 + Level 2.9 Dodging
 + Level 2.3 Stealth


You had 3 spell levels left.
You didn't know any spells.
Your spell library was empty.

Dungeon Overview and Level Annotations

Branches:
Dungeon (2/15)

Altars:
Dithmenos
Trog


Innate Abilities, Weirdness & Mutations

You are resistant to torment.
Your stone body is resilient. (AC +3)
You are immune to poison.
You resist negative energy. (rN+)
You are resistant to electric shocks. (rElec)
You can survive without breathing.
You are immune to petrification.
You are immune to rotting.


Message History

You feel very buoyant.
You fly up into the air.
The centaur closely misses you.
The centaur wields an uncursed shortbow.
The centaur shoots an arrow.
The arrow closely misses you.
The centaur shoots
* * * LOW HITPOINT WARNING * * *
You see here an arrow.
It was a potion of haste.
You feel yourself speed up.
The centaur shoots an It was a potion of cancellation.
Your magical effects are unravelling.
You feel magically purged.
You feel yourself slow down.
You float gracefully downwards.
It was a potion of degeneration.
There was something very wrong with that liquid.
You feel weakened.
You feel dopey.
You feel clumsy.
The centaur unwields an uncursed shortbow.
The centaur hits you but does no damage.
As you read the scroll labeled ZITECO GEOTE, it crumbles to dust.
You feel blessed for a moment.
It was a scroll of remove curse.
The centaur You die...

#...##.. ....#.#
#..(#.# #.....
#....# . #....
....#..)############
#.....(.†c@....(..#
#.####..#########.#
...(># #######.#
############
#.......# .....#####
#.####### .... ..#
#.# ###.####.## #.#
) ##.....##..# #.#
..#.......#..####.#
..#.......#..)....#
......_.....#.#####


You could see a centaur.

Vanquished Creatures
  2 adders (D:2)
  A worm (D:2)
  A giant cockroach (D:2)
  3 goblins (D:2)
  5 hobgoblins
  9 jackals
  4 bats
  4 frilled lizards
  2 kobolds (D:2)
  6 rats
37 creatures vanquished.

Notes
Turn   | Place    | Note
-------+----------+-------------------------------------------
     0 | D:1      | verb the Gargoyle Monk began the quest for the Orb.
     0 | D:1      | Reached XP level 1. HP: 14/14 MP: 1/1
   485 | D:1      | Reached XP level 2. HP: 10/19 MP: 2/2
  1006 | D:2      | Reached XP level 3. HP: 18/23 MP: 3/3
  1293 | D:2      | Reached skill level 1 in Armour
  1308 | D:2      | Found a shadowy altar of Dithmenos.
  1358 | D:2      | Found a bloodstained altar of Trog.
  1379 | D:2      | Reached XP level 4. HP: 29/29 MP: 4/4
  1415 | D:2      | Noticed a centaur
  1434 | D:2      | Slain by a centaur

Skill      XL: |  1  2  3 |
---------------+----------+-----
Armour         | 1 |  1.3
Fighting       | |  3.7
Maces & Flails | |  3.6
Dodging        | |  2.9
Stealth        | |  2.3

Action                   |  1- 3 |  4- 6 || total
-------------------------+-------+-------++-------
Melee: Mace              |   145 |     8 ||   153
Throw: Javelin           |       |     1 ||     1
  Use: Potion            |       |     4 ||     4
       Scroll            |       |     1 ||     1
  Eat: Ration            |     1 |       ||     1
       Chunk             |     1 |       ||     1
Armor: Robe              |    19 |       ||    19
       Scale mail        |    65 |     4 ||    69
Dodge: Dodged            |   109 |     9 ||   118
